 Dungeon Crawl Stone Soup version 0.28-a0-239-g68911e0c57 (webtiles) character file.

Game seed: 3660959819531938440

121 Smaepdii the Skirmisher (level 4, -4/37 HPs)
             Began as a Demonspawn Fighter on Aug 24, 2021.
             Was an Initiate of Okawaru.
             Killed by divine providence
             ... invoked by an orc priest
              (12 damage)
             ... on level 4 of the Dungeon.
             The game lasted 00:12:24 (3781 turns).

Smaepdii the Skirmisher (Demonspawn Fighter)        Turns: 3781, Time: 00:12:25

Health: -4/37      AC:  6    Str: 17    XL:     4   Next: 76%
Magic:  4/4        EV:  9    Int:  9    God:    Okawaru [......]
Gold:   68         SH:  0    Dex: 13    Spells: 3/3 levels left

rFire   . . .      SeeInvis .   a - +1 war axe
rCold   . . .      Faith    .   (no shield)
rNeg    . . .      Spirit   .   b - +0 scale mail
rPois   .          Reflect  .   (no helmet)
rElec   .          Harm     .   (no cloak)
rCorr   .          Rampage  .   (no gloves)
Will    .....                   (no boots)
Stlth   ..........              (no amulet)
HPRegen 0.12/turn               (no ring)
MPRegen 0.09/turn               (no ring)

@: no status effects
A: demonic magic 2
a: Renounce Religion


You were on level 4 of the Dungeon.
You worshipped Okawaru.
Okawaru was noncommittal.
You visited 1 branch of the dungeon, and saw 4 of its levels.

You collected 68 gold pieces.

Inventory:

Hand Weapons
 a - a +1 war axe (weapon)
Missiles
 e - 123 stones (quivered)
 f - 3 boomerangs
Armour
 b - a +0 scale mail (worn)
 c - a +0 kite shield
Potions
 d - a potion of might
 h - a potion of haste {unknown}
 j - 2 potions of resistance
 k - a potion of lignification {unknown}
 m - 2 potions of brilliance {unknown}
 n - a potion of degeneration {unknown}
 o - a potion of curing {unknown}
 q - a potion of heal wounds {unknown}


   Skills:
 + Level 3.8 Fighting
 + Level 2.7 Axes
 + Level 3.4 Armour
 + Level 3.3 Shields


You had 3 spell levels left.
You didn't know any spells.
Your spell library contained the following spells:

 Spells                   Type           Power      Damage    Failure   Level
 Static Discharge         Conj/Air       0%         N/A       89%         2
 Dispel Undead            Necr           0%         3d6       100%        4
 Sticky Flame             Conj/Fire      0%         2d3       100%        4


Dungeon Overview and Level Annotations

Branches:
Dungeon (4/15)
 Temple: D:4-7

Altars:
Okawaru
Qazlal


Innate Abilities, Weirdness & Mutations

Spells you cast may paralyse nearby enemies.


Message History

It is a scroll of enchant weapon.
Your +0 war axe glows red for a moment.
As you read the scroll labelled RUIPTU FEVUXOE, it crumbles to dust.
It is a scroll of identify.
j - 2 potions of resistance
As you read the scroll labelled INAFYE ZOTAMN, it crumbles to dust.
A profound silence engulfs you.
It was a scroll of silence.
You start waiting.
Your hearing returns.
As you read the scroll labelled SUCUHYZ ZOMP, it crumbles to dust.
You hear a loud clanging noise!
It was a scroll of noise.
You hear a shout! x5; You hear an angry hiss.
You hear a shout!
You start waiting.
Done waiting.
An ogre comes into view. It is wielding a +0 giant club.
There is a stone staircase leading up here.
An orc comes into view. It is wielding a +0 hand axe.
An ufetubus comes into view.
An orc priest comes into view. It is wielding a +0 short sword.
The orc priest shouts!
The orc shouts!
The ufetubus shouts!
You hear a shout!
The orc priest calls down the wrath of Beogh upon you.
Beogh smites you!
An orc comes into view. It is wielding a +0 flail.
The ufetubus hits you. The ufetubus closely misses you.
The ufetubus barely misses you. x2
You slash the ufetubus!
You kill the ufetubus!
Okawaru accepts your kill. The orc hits you with a +0 hand axe.
You hit the orc.
The orc is heavily wounded.
The orc hits you with a +0 hand axe. x2
You closely miss the orc.
The orc is heavily wounded.
The orc hits you with a +0 hand axe.
* * * LOW HITPOINT WARNING * * *
The orc priest invokes the aid of Beogh against you.
Beogh smites you!
You die...

########......#
.
.........##.#.#
o.
########.#..#.#
... #.#.##<#
o.. #......# o.
###.#####.###
#.##o.....#
#.##o##.#....
#.##@# .. .
#....# ##
######


You could see an orc priest and an orc.

Vanquished Creatures
  4 adders
  An ufetubus (D:4)
  6 worms
  A dart slug (D:3)
  3 orcs (D:3)
  2 bats
  5 endoplasms
  A giant cockroach (D:1)
  10 goblins
  6 hobgoblins
  3 quokkas (D:2)
  4 ball pythons
  4 frilled lizards
  2 kobolds
  3 rats
55 creatures vanquished.

Vanquished Creatures (others)
  A bat (D:3)
  An endoplasm (D:3)
2 creatures vanquished.

Grand Total: 57 creatures vanquished

Notes
Turn   | Place    | Note
-------+----------+-------------------------------------------
     0 | D:1      | Smaepdii the Demonspawn Fighter began the quest for the
                  | Orb.
     0 | D:1      | Reached XP level 1. HP: 18/18 MP: 1/1
   391 | D:1      | Gained mutation: Spells you cast may paralyse adjacent
                  | enemies. [demonic ancestry]
   391 | D:1      | Reached XP level 2. HP: 17/24 MP: 2/2
  1017 | D:2      | Found an iron altar of Okawaru.
  1026 | D:2      | Became a worshipper of Warmaster Okawaru
  1196 | D:2      | Reached XP level 3. HP: 29/29 MP: 3/3
  1838 | D:2      | Found a faded altar of an unknown god.
  2288 | D:3      | Gained mutation: Spells you cast may paralyse nearby
                  | enemies. [demonic ancestry]
  2288 | D:3      | Reached XP level 4. HP: 35/36 MP: 4/4
  2291 | D:3      | Found a stormy altar of Qazlal.
  3758 | D:4      | Noticed an ogre
  3781 | D:4      | Killed from afar by an orc priest

Illustrated notes

Levels and vault maps discovered:
D:1:      lightli_arrival_isolated_outpost, layout_loops_ring
D:2:      layout_basic, basic_altar, basic_ecumenical_altar
D:3:      cheibrodos_helix_gallery, layout_loops_cross, grunt_qazlal_clouds,
          lemuel_old_faithful
D:4:      layout_loops_cross, gammafunk_ghost_icy

Skill      XL: |  1  2 |
---------------+-------+-----
Axes           | 2 |  2.7
Armour         | 3 |  3.4
Shields        | 3 |  3.3
Fighting       | |  3.8

Action                   |  1- 3 |  4- 6 || total
-------------------------+-------+-------++-------
Melee: War axe           |   103 |    87 ||   190
Throw: Boomerang         |    36 |       ||    36
       Stone             |    51 |       ||    51
  Use: Scroll            |       |     4 ||     4
Armor: Scale mail        |    59 |    34 ||    93
Dodge: Dodged            |    41 |    47 ||    88

Table legend: (Time is in decaauts)
 A = Elapsed time spent in this place.
 B = Non-inter-level travel time spent in this place.
 C = Inter-level travel time spent in this place.
 D = Time resting spent in this place.
 E = Time spent auto-exploring this place.
 F = Levels seen in this place.
 G = Mean time per level.
                   A        B        C        D        E       F      G
               +--------+--------+--------+--------+--------+-----+--------+
         Total |   3880 |   3781 |     99 |   1434 |   1553 |   4 |  970.0 |
       Dungeon |   3880 |   3781 |     99 |   1434 |   1553 |   4 |  970.0 |
               +--------+--------+--------+--------+--------+-----+--------+

Top non-repeatable levels by time:
     D:3: 1386 daAuts
     D:2: 1284 daAuts
     D:1: 1045 daAuts
     D:4: 163 daAuts
